 Dungeon Crawl Stone Soup version 0.28.0-47-ge53b351184 (webtiles) character file.

Game seed: 17694161124807294279

240 pkoi the Sneak (level 5, -2/42 (46) HPs)
             Began as a Demigod Brigand on Apr 28, 2022.
             Slain by a wight
             ... wielding a +5 battleaxe
              (3 damage)
             ... on level 3 of the Dungeon.
             The game lasted 00:07:16 (5300 turns).

pkoi the Sneak (Demigod Brigand)                    Turns: 5300, Time: 00:07:16

HP:   -2/42 (46)    AC:  4    Str: 12    XL:     5   Next: 50%
MP:   7/7           EV: 11    Int: 13    God:
Gold: 155           SH:  0    Dex: 19    Spells: 4/4 levels left

rFire   . . .      SeeInvis .   i - +3 dagger (venom)
rCold   . . .      Faith    .   (no shield)
rNeg    . . .      Spirit   .   b - +0 robe
rPois   .          Reflect  .   (no helmet)
rElec   .          Harm     .   c - +1 cloak
rCorr   .          Rampage  .   (no gloves)
Will    .....                   (no boots)
Stlth   +++.......              (no amulet)
HPRegen 0.14/turn               (no ring)
MPRegen 0.10/turn               (no ring)

@: drained
A: high MP 1, forlorn, divine attributes
a: no special abilities


You were on level 3 of the Dungeon.
You visited 1 branch of the dungeon, and saw 4 of its levels.

You collected 155 gold pieces.

Inventory:

Hand Weapons
 a - a +2 dagger
 i - a +3 dagger of venom (weapon)
Missiles
 d - 8 poisoned darts (quivered)
 e - 2 curare-tipped darts
Armour
 b - a +0 robe (worn)
 c - a +1 cloak (worn)
Jewellery
 j - the ring "Zuatalie" {Fire rPois rN+}
   (You took it off a hobgoblin on level 2 of the Dungeon)

   [ring of fire]

   It enhances your fire magic.
   rF:        It protects you from fire.
   rC:        It makes you vulnerable to cold.
   rPois:     It protects you from poison.
   rN:        It protects you from negative energy.
Wands
 l - a wand of flame (11)
Potions
 f - 2 potions of brilliance {unknown}
 g - 3 potions of lignification {unknown}
 h - a potion of cancellation
 k - a potion of mutation {unknown}
 n - a potion of curing {unknown}
 o - a potion of heal wounds {unknown}


   Skills:
 + Level 3.6 Fighting
 + Level 3.7 Short Blades
 - Level 1.7 Throwing
 + Level 0.5 Armour
 - Level 0.8 Dodging
 + Level 4.4 Stealth
 + Level 0.0 Evocations


You had 4 spell levels left.
You didn't know any spells.
Your spell library contained the following spells:

 Spells                   Type           Power      Damage    Failure   Level
 Tukima's Dance           Hex            0%         N/A       67%         3
 Anguish                  Hex/Necr       0%         N/A       97%         4
 Enfeeble                 Hex            0%         N/A       100%        7


Dungeon Overview and Level Annotations

Branches:
Dungeon (4/15)
 Temple: D:4-7


Innate Abilities, Weirdness & Mutations

You have an increased reservoir of magic. (+10% MP)
You shall have no god before yourself.
Your divine heritage dramatically boosts your attributes as you level up.


Message History

You hit the wight.
The wight is moderately damaged.
You closely miss the wight.
The wight is moderately damaged.
The wight closely misses you.
You hit the wight.
The wight is moderately damaged.
The wight completely misses you.
You barely miss the wight.
The wight is moderately damaged.
The wight hits you with a +5 battleaxe.
* * * LOW HITPOINT WARNING * * *
You feel drained.
You hit the wight but do no damage. You punch the wight, but do no damage.
The wight is moderately damaged.
The wight barely misses you.
You hit the wight.
The wight is heavily damaged.
You hit the wight but do no damage.
The wight is heavily damaged.
The wight hits you with a +5 battleaxe.
* * * LOW HITPOINT WARNING * * *
You closely miss the wight.
The wight is heavily damaged.
The wight hits you with a +5 battleaxe!
* * * LOW HITPOINT WARNING * * *
You feel drained.
* * * LOW HITPOINT WARNING * * *
You hit the wight but do no damage.
The wight is heavily damaged.
The wight closely misses you.
You completely miss the wight.
The wight is heavily damaged.
The wight closely misses you.
You closely miss the wight.
The wight is heavily damaged.
The wight hits you with a +5 battleaxe!
* * * LOW HITPOINT WARNING * * *
You feel drained.
You die...

..............##..#......###.....
####...###..#..#..#......# #.....
#......# #..#..#..#......# #.....
'......# #[.#..#..#......# #.....
#......# #..#.....#......# ####..
#......# #..#.#...#......# #..
.......###..#.#...#......######..
.......'......##..#......##......
.......###..#.##@z#####'###.###..
.......# #..#.#......[......# #..
...#..####..#.#.............# #..
...+....)..)..'.............# ###
...##.#######.#.............#
#####.# #.#..(..........#####
......# #.#............(.....
......#######.#.............#####
..............'.............#


You could see a wight.

Vanquished Creatures
  Terence (D:3)
  2 orc wizards
  3 gnolls (D:2)
  3 adders (D:2)
  A worm (D:2)
  3 dart slugs
  9 orcs
  5 endoplasms
  4 giant cockroaches (D:1)
  7 goblins
  15 hobgoblins
  3 quokkas
  10 ball pythons
  14 bats
  4 frilled lizards
  4 kobolds
  2 rats
90 creatures vanquished.

Vanquished Creatures (others)
  4 plants (D:1)
4 creatures vanquished.

Grand Total: 94 creatures vanquished

Notes
Turn   | Place    | Note
-------+----------+-------------------------------------------
     0 | D:1      | pkoi the Demigod Brigand began the quest for the Orb.
     0 | D:1      | Reached XP level 1. HP: 17/17 MP: 3/3
   186 | D:1      | Reached XP level 2. HP: 18/24 MP: 4/4
  1384 | D:1      | Reached XP level 3. HP: 30/30 MP: 5/5
  2453 | D:2      | Reached skill level 4 in Stealth
  2785 | D:2      | Reached XP level 4. HP: 22/38 MP: 6/6
  3051 | D:2      | Identified the ring "Zuatalie" {Fire rPois rN+}
  4321 | D:2      | Reached XP level 5. HP: 33/45 MP: 7/7
  4524 | D:3      | Noticed Terence
  4536 | D:3      | Killed Terence
  5239 | D:4      | Noticed an ogre
  5300 | D:3      | HP: 1/43 [wight/+5 battleaxe (7)]
  5300 | D:3      | Slain by a wight

Illustrated notes

Levels and vault maps discovered:
D:1:      lightli_arrival_statuegarden, layout_basic,
          dilly_ecumenical_altar_fadedgnrine, hangedman_decor_diamond_cutter,
          minmay_tiny_reverse_x
D:2:      layout_rooms, kennysheep_generic_room_2
D:3:      layout_basic, uniq_terence
D:4:      layout_gridville, ebering_ghost_disaster_area

Skill      XL: |  1  2  3 |
---------------+----------+-----
Fighting       | 2 3 |  3.6
Short Blades   | 2 3 |  3.7
Stealth        | 4 |  4.4
Throwing       | |  1.7
Armour         | |  0.5
Dodging        | |  0.8

Action                   |  1- 3 |  4- 6 || total
-------------------------+-------+-------++-------
Melee: Dagger            |   156 |   105 ||   261
       Punch             |     5 |     1 ||     6
  Use: Scroll            |     3 |     5 ||     8
 Stab: Sleeping          |    15 |     5 ||    20
Armor: Robe              |    44 |    12 ||    56
Dodge: Dodged            |    75 |    33 ||   108
